← All builds
Geo / Armada / Economy first / OBSERVED BUILD

Standard geo

Armada Geo build order · Supreme Isthmus

Standard Geo economy play: fast bot lab and geothermal into advanced geothermal and T2 constructor, then brings Starlights and other T2 units forward to front while supplying allies with constructors.

Usually blows up the commander for T2 (67%)

#eco #t2 #team support · 766 distinct matches · 111 players · 58% of Armada Geo games · team won 54% of 861 · Recently observed

HOW TO PLAY IT

Key timing: Geothermal Powerplant by 3:26

  1. Open mex and wind into Bot Lab.
  2. Rush geothermal for the early energy spike.
  3. Add Advanced Metal Extractor, then Advanced Geothermal by 7:07.
  4. Bring up Vehicle Plant alongside T2 con for "Starlight" and vehicles.
  5. Funnel "Starlight" and T1 vehicles to front, pay allies with cons and "Lazarus".

Phase by phase

TYPICAL OF ITS 766 GAMES
  1. 1
  2. 2
  3. 3
  4. 4
PLAY THE OPENING

Follow the example game's first 6:00 step by step: what to build now, what comes next, and where it goes. At 1× it keeps pace with your own game.

  1. 1

    Up to the Bot Lab

    Economy
    • Metal Extractor2Mex
    • Wind Turbine4Wind
    Order
    1. Bot LabBot Lab after 2 mex, 4 winddone ~1:12, middle half 0:58–1:22

    By 0:55 in all: 2 mex · 4 wind

    The example game in this phase · 5 steps
    1. Mex ×2
    2. Wind
    3. Mex
    4. Wind ×2
    5. Bot LabBot Labdone 1:12 · typical 1:12
  2. 2

    Bot Lab to 5:00

    Economy
    • Metal Extractor2Mex
    • Wind Turbine3Wind
    • Energy Converter8Converter
    • Energy Storage1Energy storage
    Order
    1. Geothermal PowerplantGeo after 4 mex, 5 wind, 1 energy storage
    Builders
    • Construction Turret5 Con turret
    • Lazarus4 Lazarus
    • Construction Bot2 Con bot
    • Construction Bot1 Con bot for allies
    • Lazarus1 Lazarus for allies

    By 5:00 in all: 4 mex · 7 wind · 1 geo · 8 converter · 1 energy storage · 5 con turret

    The example game in this phase · 37 steps
    1. LazarusLazarus ×2
    2. Wind ×2
    3. Construction BotCon botfor Beach sea
    4. Wind
    5. Construction BotCon bot
    6. LazarusLazarusfor Beach sea
    7. LazarusLazarus
    8. Con turret
    9. Mex
    10. LazarusLazarus
    11. PawnPawnfor Beach sea
    12. Construction BotCon bot
    13. Geothermal PowerplantGeodone 3:29 · typical 3:26
    14. Construction BotCon bot
    15. Wind ×3for unknown
    16. Con turret
    17. Converter
    18. Windfor unknown
    19. CenturionCenturion
    20. Converter
    21. Con turret
    22. Wind ×2for unknown
    23. Wind
    24. Wind ×2for unknown
    25. Wind
    26. Converter
    27. Wind
    28. Converter
    29. Wind
    30. Converter
    31. Wind ×3
    32. Converter
    33. Wind ×4
    34. Advanced Metal ExtractorT2 mexdone 5:40 · typical 5:34
    35. Wind ×2
    36. Advanced Metal ExtractorT2 mex
    37. Wind
  3. 3

    5:00 to Vehicle Plant

    Order
    1. Advanced Geothermal PowerplantAdvanced Geothermal Powerplant after 8 wind, 10 converter, 6 con turretin 59% of games
    2. Vehicle PlantVehicle Plant after 10 wind, 10 converter, 6 con turretdone ~7:07, middle half 6:41–7:40
    Builders
    • Construction Turret1 Con turret

    Some games also: converter (49%) · wind (47%)

    By 7:00 in all: 4 mex · 10 wind · 1 geo · 1 Advanced Geothermal Powerplant · 10 converter · 1 energy storage

    The example game in this phase · 13 steps
    1. Converter ×9
    2. Energy storage
    3. Advanced Metal ExtractorT2 mex
    4. Converter
    5. PrudePrudedone 7:15
    6. Converter ×3
    7. Advanced Metal ExtractorT2 mex
    8. Con turret
    9. Converter ×2
    10. Con turret
    11. Advanced Metal ExtractorT2 mex
    12. Converter ×2
    13. Vehicle PlantVehicle Plantdone 7:43 · typical 7:07
  4. 4

    Vehicle Plant to 10:00

    Economy
    • Wind Turbine5Wind
    • Energy Converter3Converter
    Order
    1. Advanced Vehicle PlantAdvanced Vehicle Plant after 11 wind, 11 converter, 7 con turret
    Builders
    • Construction Vehicle1 Con vehicle
    Army
    • Starlight2 Starlight
    • Umbra1 Jammer
    • Prophet1 Radar vehicle

    Some games also: con turret (49%) · T2 con vehicle for allies (48%) · Jaguar (31%)

    By 10:00 in all: 4 mex · 20 wind · 1 geo · 1 Advanced Geothermal Powerplant · 16 converter · 1 energy storage

    The example game in this phase · 93 steps
    1. Converter
    2. Construction VehicleCon vehicle
    3. Converter
    4. Wind ×4
    5. Advanced Vehicle PlantAdvanced Vehicle Plantdone 8:43 · typical 8:07
    6. Wind
    7. Converter
    8. Wind ×6
    9. UmbraJammer
    10. Converter
    11. Wind ×2
    12. Converter
    13. ProphetRadar vehicle
    14. Wind ×3
    15. StarlightStarlightdone 9:23 · typical 9:02
    16. Wind ×3
    17. Converter
    18. Wind ×7
    19. StarlightStarlight
    20. Converter
    21. Wind ×6
    22. StarlightStarlight
    23. Converter
    24. Wind ×7
    25. StarlightStarlight
    26. Wind ×3
    27. Radar TowerRadar Tower
    28. Wind ×3
    29. Converter
    30. Wind ×4
    31. StarlightStarlight
    32. Wind
    33. Converter
    34. Wind ×5
    35. Metal storage
    36. Wind ×2
    37. ConsulConsul
    38. Sneaky PeteSneaky Pete
    39. Converter
    40. ConsulConsul
    41. Wind
    42. Converter
    43. Wind ×2
    44. PlatypusPlatypus
    45. Converter
    46. Wind ×2
    47. Advanced Construction VehicleT2 con vehicle
    48. Wind
    49. PlatypusPlatypus ×3
    50. Fusion ReactorFusiondone 13:23
    51. Wind
    52. Converter
    53. PlatypusPlatypus ×2
    54. Converter
    55. Wind
    56. PlatypusPlatypus
    57. Wind
    58. Converter
    59. PlatypusPlatypus
    60. Con turret
    61. Wind
    62. PlatypusPlatypus
    63. Fusion ReactorFusion
    64. Con turret
    65. Converter
    66. Wind
    67. Con turret
    68. PlatypusPlatypus
    69. Con turret
    70. Converter
    71. PlatypusPlatypus
    72. Wind
    73. PlatypusPlatypus ×2
    74. Wind
    75. Con turret
    76. PlatypusPlatypus
    77. Wind
    78. PlatypusPlatypus
    79. Fusion ReactorFusion
    80. Converter ×2
    81. PlatypusPlatypus
    82. Converter
    83. PlatypusPlatypus
    84. Wind
    85. PlatypusPlatypus
    86. Converter ×2
    87. Wind
    88. PlatypusPlatypus
    89. Wind
    90. Con turret
    91. Converter ×3
    92. PlatypusPlatypus
    93. Wind

Counts are medians over the build's games: half of them build more, half fewer. The example game is RamboO's (35 OS, 28/08/2026); pick another.

Team trades

IN AT LEAST 30% OF ITS GAMES

You hand over

  • Lazarus1 Lazarus to Beach seafirst at 2:16 · in 77% of games
  • Construction Bot1 Con bot to Beach seafirst at 2:30 · in 87% of games
  • Advanced Construction Vehicle1 T2 con vehicle to Suicide front or Frontfirst at 8:52 · in 62% of games

You get

  • Hercules1 Light transport from Airfirst at 4:20 · in 34% of games
  • Advanced Construction Bot1 T2 con bot from Techfirst at 4:48 · in 95% of games

How it plays out

Typical game of this build, running totals by minute

Metal produced

020k40k
0:005:0010:0015:00

metal

Enemy metal destroyed

05k10k15k
0:005:0010:0015:00

metal

Own metal lost

02.5k5k7.5k
0:005:0010:0015:00

metal

861 games.

Show as table
ByMetal produced: This buildEnemy metal destroyed: This buildOwn metal lost: This build
1:0033300
2:0082800
3:00152800
4:00270800
5:00372900
6:00571700
7:00813200
8:0011502021
9:001450151130
10:0017422627320
11:00203962075790
12:002329539821910
13:002609360863295
14:002898884934690
15:0031571103746061
WHAT THE NUMBERS SAY

Standard Geo build dominates the resource numbers, with zero own losses through 10:00 and a huge metal lead by 15:00.

  • + Metal produced hits 31426 by 15:00, highest of all six builds
  • + Own metal lost is 0 by 5:00 and only 334 by 10:00
  • − First Starlight only arrives in 57% of games by 9:19
  • − Advanced geothermal lands in just 69% of games by 7:16
THE EXAMPLE YOU ARE READING

RamboO

35.0 OS · 28/08/2026

Open source match ↗

1 received units · includes a constructor
512 metal received · 94458 energy received

Allied construction assistance is unknown. Timings are observations, not a promise of solo reproducibility.

Typical milestones

Bot Lab1:12Middle 50%: 0:58–1:22 · n=860
Geothermal Powerplant3:26Middle 50%: 3:10–3:42 · n=858
Advanced Metal Extractor5:34Middle 50%: 5:18–5:56 · n=857
Advanced Geothermal Powerplant7:07Middle 50%: 6:49–7:34 · n=620
Vehicle Plant7:07Middle 50%: 6:41–7:40 · n=819
Advanced Vehicle Plant8:07Middle 50%: 7:41–8:47 · n=780
Starlight9:02Middle 50%: 8:32–9:51 · n=685

Played most by

0neTw086games of this buildzeus_on_god86games of this buildViltrum54games of this buildDamsko44games of this buildXad44games of this build